 Dungeon Crawl Stone Soup version 0.26-a0-854-gdc81c2f471 (webtiles) character file.

Game seed: 1341336031816749067

3161 sahdkjhfkaj the Covert (level 10, -1/66 HPs)
             Began as a Halfling Gladiator on Nov 22, 2020.
             Was a Believer of Dithmenos.
             Slain by a five-headed hydra (5 damage)
             ... on level 1 of the Lair of Beasts.
             The game lasted 00:10:41 (8639 turns).

sahdkjhfkaj the Covert (Halfling Gladiator)         Turns: 8639, Time: 00:10:42

Health: -1/66      AC:  5    Str: 17    XL:     10   Next: 15%
Magic:  10/10      EV: 16    Int:  6    God:    Dithmenos [**....]
Gold:   439        SH:  0    Dex: 18    Spells: 8/9 levels left

rFire    + . .     SeeInvis .   a - +2 dagger (drain)
rCold    . . .     Faith    .   (shield restricted)
rNeg     . . .     Spirit   .   p - +1 robe {Archmagi}
rPois    .         Reflect  .   r - +2 hat
rElec    .         Harm     .   (no cloak)
rCorr    .         Rampage  .   (no gloves)
MR       +....                  (no boots)
Stlth    +++++++...             (no amulet)
HPRegen  0.21/turn              B - ring of protection from magic
MPRegen  0.12/turn              y - ring of protection from fire

@: wreathed by umbra
A: small, mutation resistance 1
a: Shadow Step, Renounce Religion


You were on level 1 of the Lair of Beasts.
You worshipped Dithmenos.
Dithmenos was pleased with you.
You visited 2 branches of the dungeon, and saw 9 of its levels.

You collected 439 gold pieces.

Inventory:

Hand Weapons
 a - a +2 dagger of draining (weapon)
Missiles
 d - a throwing net (quivered)
Armour
 c - a +0 helmet
 p - a +1 robe of the Archmagi (worn)
 r - a +2 hat (worn)
Jewellery
 y - a ring of protection from fire (right hand)
 B - a ring of protection from magic (left hand)
Wands
 z - a wand of flame (21)
 A - a wand of polymorph (7)
Scrolls
 b - a scroll of remove curse
 j - a scroll of identify
 m - 3 scrolls of enchant armour
 o - a scroll of blinking
 q - a scroll of fog
 t - 2 scrolls of immolation
 w - a scroll of enchant weapon {unknown}
 x - a scroll of torment {unknown}
Potions
 f - a potion of flight {unknown}
 g - a potion of ambrosia {unknown}
 h - 2 potions of attraction {unknown}
 i - a potion of lignification {unknown}
 k - a potion of mutation {unknown}
 l - 2 potions of curing {unknown}
 n - 2 potions of brilliance {unknown}
 s - a potion of might {unknown}
 u - a potion of magic {unknown}
 v - a potion of invisibility {unknown}


   Skills:
 - Level 5.2 Fighting
 - Level 3.6 Short Blades
 - Level 2.0 Throwing
 - Level 3.2 Dodging
 + Level 13.9 Stealth
 - Level 1.0 Necromancy


You had 8 spell levels left.
You knew the following spells:

 Your Spells              Type           Power        Failure   Level
A - Animate Skeleton      Necr           #.....       32%         1

Your spell library contained the following spells:

 Spells                   Type           Power        Failure   Level
 Apportation              Tloc           #.....       45%         1
 Beastly Appendage        Tmut           #.....       45%         1
 Corona                   Hex            #......      45%         1
 Summon Small Mammal      Summ           #...         45%         1
 Wereblood                Tmut           #.......     58%         2
 Spider Form              Tmut/Pois      #.........   83%         3
 Ice Form                 Ice/Tmut       #.......     99%         4
 Blade Hands              Tmut           #.........   100%        5


Dungeon Overview and Level Annotations

Branches:
Dungeon (8/15)             Temple (0/1) D:7            Lair (1/6) D:8

Altars:
Dithmenos
Elyvilon
Hepliaklqana
Sif Muna

Annotations:
D:2 Crazy Yiuf
D:3 exclusion: door
D:4 elec pikel :0, Pikel


Innate Abilities, Weirdness & Mutations

You are small and have problems with some larger weapons.
You are somewhat resistant to further mutation.


Message History

The five-headed hydra is lightly wounded.
The five-headed hydra bites you.
The five-headed hydra bites you but does no damage.
The five-headed hydra barely misses you.
The five-headed hydra bites you. x2
Unknown command.
You hit the five-headed hydra. You drain the five-headed hydra.
The five-headed hydra is lightly wounded.
The five-headed hydra bites you!
* * * LOW HITPOINT WARNING * * *
The five-headed hydra closely misses you. x2
The five-headed hydra barely misses you.
The five-headed hydra bites you!
* * * LOW HITPOINT WARNING * * *
You hit the five-headed hydra.
The five-headed hydra is moderately wounded.
The five-headed hydra misses you. The five-headed hydra bites you.
* * * LOW HITPOINT WARNING * * *
The five-headed hydra bites you.
You die...

....... ....... .....#
######....#
....####.#.##....#
##.#..##.....##....#
...#..#......##....# .
...#...#.)...''....# ...
...#..+......##....#....
...#..##.....##.........
...#..##.....#..@..#....
...#..####.####..D......
......#####.# #....###.#
...#...).............
#.##..................
........................
........................
............(........##+
.....########


You could see a five-headed hydra (drained).

Vanquished Creatures
  A black mamba (Lair:1)
  A troll (D:7)
  Sigmund (D:2)
  Edmund (D:6)
  A water moccasin (Lair:1)
  An ice beast (D:6)
  2 sky beasts
  2 phantoms (D:7)
  2 ogres
  3 wolves (D:7)
  3 bullfrogs
  2 scorpions
  An electric eel (D:8)
  A howler monkey (D:6)
  2 centaur zombies (D:8)
  4 hounds
  4 orc wizards
  An iguana (D:5)
  6 worker ants
  A howler monkey zombie (D:3)
  A howler monkey skeleton (D:4)
  6 adders
  2 shadow imps (D:7)
  A white imp (D:8)
  3 ufetubi
  2 oozes
  A worm (D:5)
  2 dart slugs
  3 leopard geckos
  11 orcs
  8 bats
  5 giant cockroaches
  6 goblins
  7 hobgoblins
  10 jackals
  9 kobolds
  5 quokkas
  A ball python (D:3)
  7 frilled lizards
  6 rats
136 creatures vanquished.

Vanquished Creatures (others)
  2 fungi (Lair:1)
2 creatures vanquished.

Grand Total: 138 creatures vanquished

Notes
Turn   | Place    | Note
-------+----------+-------------------------------------------
     0 | D:1      | sahdkjhfkaj the Halfling Gladiator began the quest for the
                  | Orb.
     0 | D:1      | Reached XP level 1. HP: 14/14 MP: 1/1
   159 | D:1      | Reached skill level 1 in Stealth
   241 | D:1      | Reached XP level 2. HP: 13/19 MP: 2/2
   442 | D:1      | Reached skill level 2 in Stealth
   801 | D:1      | Reached XP level 3. HP: 25/25 MP: 3/3
  1438 | D:2      | Reached XP level 4. HP: 31/31 MP: 4/4
  1702 | D:2      | Noticed Sigmund
  1720 | D:2      | Killed Sigmund
  1721 | D:2      | Reached skill level 5 in Fighting
  1721 | D:2      | Reached XP level 5. HP: 12/39 MP: 5/5
  1721 | D:2      | Reached XP level 6. HP: 14/45 MP: 6/6
  1973 | D:2      | Found a shadowy altar of Dithmenos.
  1988 | D:2      | Became a worshipper of Dithmenos the Shadowed
  2385 | D:2      | Found a runed translucent door.
  2386 | D:2      | Noticed Crazy Yiuf
  2677 | D:3      | Reached skill level 3 in Stealth
  2983 | D:3      | Found a shimmering blue altar of Sif Muna.
  3185 | D:3      | Reached * piety under Dithmenos
  3539 | D:4      | Noticed an ogre
  3553 | D:4      | Killed an ogre
  3554 | D:4      | Reached skill level 4 in Stealth
  3554 | D:4      | Reached XP level 7. HP: 46/50 MP: 7/7
  3584 | D:4      | Noticed Pikel
  3605 | D:5      | Entered Level 5 of the Dungeon
  3656 | D:5      | Reached skill level 5 in Stealth
  3845 | D:5      | Reached skill level 6 in Stealth
  4385 | D:6      | Reached skill level 7 in Stealth
  4385 | D:6      | Reached XP level 8. HP: 52/55 MP: 8/8
  4390 | D:6      | Learned a level 1 spell: Animate Skeleton
  4437 | D:6      | Noticed Edmund
  4452 | D:6      | Killed Edmund
  4453 | D:6      | Reached skill level 1 in Necromancy
  4696 | D:6      | Reached skill level 8 in Stealth
  5504 | D:7      | Reached skill level 9 in Stealth
  5599 | D:7      | Found a staircase to the Ecumenical Temple.
  5932 | D:7      | Found a white marble altar of Elyvilon.
  6015 | D:7      | Reached skill level 10 in Stealth
  6236 | D:7      | Reached XP level 9. HP: 19/61 MP: 9/9
  6815 | D:8      | Reached ** piety under Dithmenos
  6841 | D:8      | Noticed a troll
  7038 | D:7      | Reached skill level 11 in Stealth
  7043 | D:7      | Killed a troll
  7345 | D:7      | Reached skill level 12 in Stealth
  8034 | D:8      | Reached skill level 13 in Stealth
  8221 | D:8      | Found a hazy altar of Hepliaklqana.
  8265 | D:8      | Found a staircase to the Lair.
  8279 | D:8      | Noticed a two-headed ogre
  8284 | Lair:1   | Entered Level 1 of the Lair of Beasts
  8506 | Lair:1   | Noticed a black mamba
  8511 | Lair:1   | Reached XP level 10. HP: 66/66 MP: 10/10
  8517 | Lair:1   | Killed a black mamba
  8633 | Lair:1   | Noticed a five-headed hydra
  8639 | Lair:1   | Slain by a five-headed hydra

Illustrated notes

Levels and vault maps discovered:
D:1:      dpeg_arrival_houses_and_road, layout_basic
D:2:      layout_loops_ring, grunt_dithmenos_smoke_and_mirrors,
          uniq_crazy_yiuf_cottage, uniq_sigmund
D:3:      layout_loops_ring, led_sif_book, feat_on_display
D:4:      layout_gridville, nicolae_overflow_hidden_temple, uniq_pikel
D:5:      layout_basic, item_on_display_a
D:6:      layout_loops_cross, uniq_edmund
D:7:      layout_gridville, minmay_temple_entry_glassed_door, elyvilon_altar_5
D:8:      layout_basic, old_standard_altar, erik_lair_island,
          serial_corexii_hall, corexii_hall_statues_i, corexii_hall_statues_x,
          corexii_hall_statues_l, corexii_hall_statues_t,
          corexii_hall_statues_t, corexii_hall_statues_i, uniq_gastronok
Lair:1:   layout_regular_city

Skill      XL: |  1  2  3  4  5  6  7  8  9 |
---------------+----------------------------+-----
Stealth        | 1 2 4 7 10 13 | 13.9
Fighting       | 2 3 5 |  5.2
Necromancy     | 1 |  1.0
Short Blades   | |  3.6
Throwing       | |  2.0
Dodging        | |  3.2

Action                   |  1- 3 |  4- 6 |  7- 9 | 10-12 || total
-------------------------+-------+-------+-------+-------++-------
Melee: Rapier            |    65 |       |       |       ||    65
       Dagger            |     3 |   142 |   440 |     5 ||   590
Throw: Throwing net      |       |       |     6 |       ||     6
Evoke: Wand              |       |       |     1 |       ||     1
  Use: Scroll            |       |     4 |     8 |       ||    12
 Stab: Sleeping          |     5 |     8 |    18 |     2 ||    33
       Held in net/web   |       |       |     3 |       ||     3
Armor: Leather armour    |     7 |    20 |       |       ||    27
       Robe              |       |       |    75 |     2 ||    77
Dodge: Dodged            |    42 |    95 |   354 |     7 ||   498

Table legend: (Time is in decaauts)
 A = Elapsed time spent in this place.
 B = Non-inter-level travel time spent in this place.
 C = Inter-level travel time spent in this place.
 D = Time resting spent in this place.
 E = Time spent auto-exploring this place.
 F = Levels seen in this place.
 G = Mean time per level.
                   A        B        C        D        E       F      G
               +--------+--------+--------+--------+--------+-----+--------+
         Total |   8540 |   8220 |    320 |   1289 |   5427 |   9 |  948.9 |
       Dungeon |   8187 |   7867 |    320 |   1289 |   5098 |   8 | 1023.4 |
          Lair |    353 |    353 |      0 |      0 |    329 |   1 |  353.0 |
               +--------+--------+--------+--------+--------+-----+--------+

Top non-repeatable levels by time:
     D:7: 2548 daAuts
     D:1: 1341 daAuts
     D:2: 1270 daAuts
     D:6: 1021 daAuts
     D:3: 793 daAuts
     D:8: 691 daAuts
  Lair:1: 353 daAuts
     D:5: 341 daAuts
     D:4: 177 daAuts
